 Seeded DCSS version 0.29-a0-668-g12ee2bf84d (webtiles) character file.

Game seed: 20220624 (custom seed)

43 purpskrrrp the Digger (level 3, 0/24 HPs)
             Began as a Formicid Wanderer on June 24, 2022.
             Slain by a crimson imp (1 damage)
             ... summoned by Natasha
             ... on level 2 of the Dungeon.
             The game lasted 00:08:04 (1567 turns).

purpskrrrp the Digger (Formicid Wanderer)           Turns: 1567, Time: 00:08:05

Health: 0/24       AC:  3    Str: 21    XL:     3   Next: 82%
Magic:  4/4        EV: 11    Int:  8    God:
Gold:   76         SH:  4    Dex: 13    Spells: 3/4 levels left

rFire   + . .      SeeInvis +   a - +2 spear
rCold   . . .      Faith    .   b - +0 buckler
rNeg    . . .      Spirit   .   d - +0 leather armour
rPois   .          Reflect  .   (helmet unavailable)
rElec   .          Harm     .   (no cloak)
rCorr   .          Rampage  .   (no gloves)
Will    .....                   (no boots)
Stlth   +.........              k - amulet of regeneration
HPRegen 0.88/turn               i - ring of wizardry
MPRegen 0.09/turn               n - ring of protection from fire

@: no status effects
A: permanent stasis, dig shafts and tunnels, antennae 3, four strong arms
a: Dig, Shaft Self


You were on level 2 of the Dungeon.
You visited 1 branch of the dungeon, and saw 2 of its levels.

You collected 76 gold pieces.

Inventory:

Hand Weapons
 a - a +2 spear (weapon)
Armour
 b - a +0 buckler (worn)
 d - a +0 leather armour (worn)
 m - a +0 robe of positive energy
Jewellery
 i - a ring of wizardry (left hand)
 k - an amulet of regeneration (around neck)
 n - a ring of protection from fire (right hand)
Scrolls
 c - a scroll of fog
 f - 2 scrolls of teleportation
 g - 3 scrolls of identify
Potions
 h - a potion of berserk rage {unknown}
 j - 3 potions of flight {unknown}


   Skills:
 + Level 3.8 Polearms
 + Level 2.3 Armour
 + Level 0.7 Dodging
 + Level 0.7 Stealth
 + Level 1.6 Shields
 + Level 1.1 Spellcasting
 + Level 4.0 Earth Magic


You had 3 spell levels left.
You knew the following spells:

 Your Spells              Type           Power      Damage    Failure   Level
a - Sandblast             Erth           12%        2d6       4%          1

Your spell library contained the following spells:

 Spells                   Type           Power      Damage    Failure   Level
 Stone Arrow              Conj/Erth      6%         3d7       28%         3


Dungeon Overview and Level Annotations

Branches:
Dungeon (2/15)

Altars:

Annotations:
D:2 Natasha


Innate Abilities, Weirdness & Mutations

You cannot be hasted, slowed, berserked, paralysed or teleported.
You can dig through walls and to a lower floor.
You have a pair of large antennae on your head. (SInv)
Your four strong arms can wield two-handed weapons with a shield.


Message History

Natasha, Servant of Life and Death comes into view.
You block the goblin's attack.
You closely miss the goblin. The goblin misses you.
You closely miss the goblin. The goblin hits you but does no damage.
You completely miss the goblin.
Natasha extends her claws.
Natasha mumbles some strange words.
The goblin misses you.
You barely miss the goblin. The goblin hits you but does no damage.
The goblin attacks as you move away! The goblin hits you but does no damage.
The crimson imp blinks!
The goblin hits you but does no damage. Natasha casts a spell at you.
Your stasis prevents you from being slowed.
Natasha barely misses you. The goblin attacks as you move away!
The goblin misses you. The crimson imp closely misses you.
The crimson imp attacks as you move away!
The crimson imp hits you. Natasha attacks as you move away!
Natasha barely misses you.
The crimson imp sputters.
Natasha attacks as you move away! You block Natasha's attack.
Natasha casts a spell.
You barely miss the crimson imp. The crimson imp barely misses you.
Natasha growls.
Natasha stares at you and mumbles some strange words.
The magic dart hits you!
You barely miss the crimson imp. You completely miss Natasha.
Natasha stares at you and mumbles some strange words.
The magic dart hits you! The crimson imp barely misses you.
You miss Natasha. Natasha claws you!
* * * LOW HITPOINT WARNING * * *
The crimson imp disappears for a moment.
The crimson imp hits you.
* * * LOW HITPOINT WARNING * * *
You hit Natasha.
Natasha is moderately wounded.
Natasha closely misses you. The crimson imp hits you.
You die...

#....##.## #.#.#
###......... #.#.#####
#......>).# #........
.....<...# #†# #..
........ ##.###.# #...#
#...##.# #...#
###...##..
#...###########........#
#...5gh@5..............#
###############........#
###......# #...####
#####


You could see Natasha, 2 crimson imps and a goblin.

Vanquished Creatures
  2 worms (D:2)
  A dart slug (D:1)
  4 bats (D:1)
  2 endoplasms
  A giant cockroach (D:1)
  5 goblins
  3 jackals (D:1)
  2 kobolds (D:1)
  2 quokkas
  6 ball pythons
  A frilled lizard (D:1)
  A rat (D:1)
30 creatures vanquished.

Notes
Turn   | Place    | Note
-------+----------+-------------------------------------------
     0 | D:1      | purpskrrrp the Formicid Wanderer began the quest for the
                  | Orb.
     0 | D:1      | purpskrrrp set off with the following items: a +2 spear, a
                  | +0 buckler, a scroll of fog, a +0 leather armour; and the
                  | following spell memorised: Sandblast; and the following
                  | spells available to memorise: Stone Arrow.
     0 | D:1      | Reached XP level 1. HP: 13/13 MP: 2/2
    68 | D:1      | Reached XP level 2. HP: 2/19 MP: 3/3
   588 | D:1      | Reached XP level 3. HP: 24/24 MP: 4/4
   731 | D:1      | Reached skill level 4 in Earth Magic
  1549 | D:2      | Noticed Natasha
  1566 | D:2      | HP: 1/24 [crimson imp[Natasha] (1)]
  1567 | D:2      | Slain by a crimson imp

Illustrated notes

Levels and vault maps discovered:
D:1:      elethiomel_arrival_shortcut, layout_loops_corners
D:2:      layout_loops_ring, nrook_mini_backslash, kennysheep_generic_room_15,
          uniq_natasha

Skill      XL: |  1  2  3 |
---------------+----------+-----
Earth Magic    | 4 |  4.0
Polearms       | |  3.8
Armour         | |  2.3
Dodging        | |  0.7
Stealth        | |  0.7
Shields        | |  1.6
Spellcasting   | |  1.1

Action                   || total
-------------------------++-------
Melee: Spear             ||    89
  Use: Scroll            ||     4
       Potion            ||     2
 Stab: Sleeping          ||     2
Armor: Leather armour    ||    16
Dodge: Dodged            ||    30
Block: Buckler           ||    12

Table legend: (Time is in decaauts)
 A = Elapsed time spent in this place.
 B = Non-inter-level travel time spent in this place.
 C = Inter-level travel time spent in this place.
 D = Time resting spent in this place.
 E = Time spent auto-exploring this place.
 F = Levels seen in this place.
 G = Mean time per level.
                   A        B        C        D        E       F      G
               +--------+--------+--------+--------+--------+-----+--------+
         Total |   1562 |   1485 |     77 |    284 |    836 |   2 |  781.0 |
       Dungeon |   1562 |   1485 |     77 |    284 |    836 |   2 |  781.0 |
               +--------+--------+--------+--------+--------+-----+--------+

Top non-repeatable levels by time:
     D:1: 1298 daAuts
     D:2: 263 daAuts
